 Dungeon Crawl Stone Soup version 0.30.0-20-g3615ddf2f0 (webtiles) character file.

Game seed: 5164847475528897626

328 qw the Chopper (level 6, -3/38 HPs)
             Began as a Gargoyle Fighter on May 29, 2023.
             Slain by Sigmund
             ... wielding a +2 heavy scythe
              (11 damage)
             ... on level 4 of the Dungeon.
             The game lasted 00:01:38 (3193 turns).

qw the Chopper (Gargoyle Fighter)                   Turns: 3193, Time: 00:01:38

Health: -3/38      AC: 13    Str: 21    XL:     6   Next: 50%
Magic:  6/6        EV: 14    Int:  9    God:
Gold:   185        SH:  4    Dex:  9    Spells: 5/5 levels left

rFire   . . .        Y - +1 war axe
rCold   . . .        c - +0 buckler
rNeg    + . .        b - +0 scale mail
rPois   inf          (no helmet)
rElec   +            h - +1 cloak
rCorr   .            (no gloves)
SInv    .            (no boots)
Will    .....        (no amulet) Stlth
                     r - +5 ring of evasion
HPRegen 0.26/turn    (no ring)
MPRegen 0.10/turn

%: no passive effects
@: no status effects
A: sickness immunity, AC +4, negative energy resistance 1, electricity
resistance, torment resistance 1, petrification resistance
a: no special abilities


You were on level 4 of the Dungeon.
You visited 1 branch of the dungeon, and saw 4 of its levels.

You collected 185 gold pieces.


Innate Abilities, Weirdness & Mutations

You are immune to sickness and miasma.
Your stone body is resilient. (AC +4)
You are immune to poison.
You resist negative energy. (rN+)
You are resistant to electric shocks. (rElec)
You are resistant to unholy torment.
You are immune to petrification.


   Skills:
 + Level 3.9 Fighting
 - Level 5.6 Axes
 - Level 1.0 Throwing
 - Level 3.2 Armour
 - Level 3.2 Shields


You had 5 spell levels left.
You didn't know any spells.
Your spell library was empty.

Inventory:

Hand Weapons
 k - a +0 morningstar
 Y - a +1 war axe (weapon)
Missiles
 e - 2 silver boomerangs
 g - 5 javelins (quivered)
 p - 3 boomerangs
Armour
 a - a +0 plate armour
 b - a +0 scale mail (worn)
 c - a +0 buckler (worn)
 h - a +1 cloak (worn)
 z - a +0 pair of gloves of infusion
Jewellery
 r - a +5 ring of evasion (left hand)
Scrolls
 f - a scroll of identify
 v - a scroll of brand weapon {unknown}
 w - a scroll of blinking {unknown}
 x - a scroll of immolation {unknown}
 y - 2 scrolls of fog {unknown}
 A - a scroll of teleportation {unknown}
Potions
 d - 2 potions of might
 i - a potion of attraction {unknown}
 j - a potion of curing {unknown}
 l - a potion of degeneration {unknown}
 m - a potion of lignification
 n - a potion of haste
 o - a potion of berserk rage {unknown}
 q - a potion of brilliance {unknown}
 t - a potion of resistance {unknown}
 u - a potion of mutation {unknown}

Dungeon Overview and Level Annotations

Branches:
Dungeon (4/15)             Temple (0/1) D:4

Altars:
Dithmenos
Fedhas
Makhleb
Qazlal
Xom
Zin

Annotations:
D:4 Sigmund


Message History

You swing at nothing.
Something hits you.
You swing at nothing.
You swing at nothing.
Something hits you.
You swing at nothing.
You swing at nothing.
Something hits you but does no damage.
You swing at nothing.
Something hits you!
You swing at nothing.
You swing at nothing.
Something barely misses you.
You swing at nothing.
You swing at nothing.
Sigmund appears from thin air!
Reactivating autopickup.
Sigmund points at you and mumbles some strange words.
You are confused.
Sigmund gestures at you while chanting. The magic dart hits you.
Sigmund misses you.
You hear the drain falling apart.
Sigmund misses you.
You feel less confused.
Sigmund hits you with a +2 heavy scythe.
You closely miss Sigmund. You barely miss Sigmund.
Sigmund mumbles some strange words.
Sigmund flickers and vanishes!
Deactivating autopickup; reactivate with Ctrl-A.
You miss something.
You hear some strange, mumbled words.
Something tries to affect you, but you resist.
You closely miss something. Something hits you but does no damage.
You barely miss something. You barely miss something. Something hits you!
You die...

.........#..#~~# ..0..0...#.(#.~.
#### ...0.....#..## #.##
.........#...### #.##
........^#.....# #.##
.........#.....# #.#.
.........8.....# #...
...........######################
.........8.....{@................
.........########################
.....0...# #..............
.........# #.#############
.......0.# #.# ....0..0.# #.#
.....0... #.#
###################.#
#.............#


There were no monsters in sight!

Vanquished Creatures
  Edmund (D:4)
  A scorpion (D:4)
  Ijyb (D:3)
  An orc wizard (D:4)
  A gnoll (D:1)
  An adder (D:4)
  2 worms
  2 dart slugs
  11 orcs
  2 endoplasms
  5 giant cockroaches
  4 goblins
  4 hobgoblins
  3 jackals (D:1)
  5 kobolds
  2 quokkas (D:1)
  5 ball pythons
  10 bats
  3 frilled lizards (D:1)
  6 rats
70 creatures vanquished.

Notes
Turn   | Place    | Note
-------+----------+-------------------------------------------
     0 | D:1      | qw the Gargoyle Fighter began the quest for the Orb.
     0 | D:1      | Reached XP level 1. HP: 14/14 MP: 1/1
     0 | D:1      | 0 ||| qw: Version: 0.2-a-101-gf424e7f
     0 | D:1      | 0 ||| qw: Game counter: 355
     0 | D:1      | 0 ||| qw: Always use a shield: true
     0 | D:1      | 0 ||| qw: God list: Okawaru
     0 | D:1      | 0 ||| qw: Allow faded altars: false
     0 | D:1      | 0 ||| qw: Do Orc after D:15 true
     0 | D:1      | 0 ||| qw: Do second Lair branch before Depths: true
     0 | D:1      | 0 ||| qw: Lair rune preference: random
     0 | D:1      | 0 ||| qw: Plans: Normal, Zot:1-4, Slime:5, God:TSO, Crypt,
                  | Tomb, Pan, Hells, Abyss, Win
     0 | D:1      | 0 ||| PLANNING D:1-11
    39 | D:1      | Reached skill level 2 in Axes
    50 | D:1      | Reached XP level 2. HP: 17/19 MP: 2/2
    60 | D:1      | 60 ||| Stepping ~*~*~tactically~*~*~ (stealth).
    62 | D:1      | 62 ||| Stepping ~*~*~tactically~*~*~ (hiding).
   340 | D:1      | Reached skill level 3 in Axes
   340 | D:1      | Reached XP level 3. HP: 15/23 MP: 3/3
   486 | D:1      | 486 ||| DROPPING +0 whip.
  1002 | D:1      | 1002 ||| UPGRADING to +0 cloak.
  1007 | D:1      | 1007 ||| READING scroll labelled ZIUSIL IRAIC.
  1008 | D:1      | 1008 ||| READING scroll labelled VEFUFE EFAVI.
  1009 | D:1      | 1009 ||| DRINKING 2 clear potions.
  1018 | D:1      | 1018 ||| DROPPING potion of ambrosia.
  1138 | D:2      | Found a faded altar of an unknown god.
  1252 | D:2      | 1252 ||| Stepping ~*~*~tactically~*~*~ (stealth).
  1471 | D:2      | Reached XP level 4. HP: 28/28 MP: 4/4
  1587 | D:2      | 1587 ||| READING 3 scrolls labelled RENIEPP ONOOPP.
  1588 | D:2      | 1588 ||| READING scroll labelled XECIUD LE ZURA.
  1589 | D:2      | 1589 ||| DRINKING 2 fizzy pink potions.
  1590 | D:2      | 1590 ||| READING 2 scrolls of identify.
  1590 | D:2      | 1590 ||| IDENTIFYING smoky ruby potion
  1591 | D:2      | 1591 ||| DROPPING potion of invisibility.
  1592 | D:2      | 1592 ||| DROPPING potion of flight.
  1651 | D:3      | 1651 ||| Stepping ~*~*~tactically~*~*~ (hiding).
  1653 | D:3      | 1653 ||| Stepping ~*~*~tactically~*~*~ (hiding).
  1663 | D:3      | Reached skill level 1 in Throwing
  1675 | D:3      | 1675 ||| FLEEEEING.
  1676 | D:3      | 1676 ||| FLEEEEING.
  1677 | D:3      | 1677 ||| FLEEEEING.
  1678 | D:3      | 1678 ||| FLEEEEING.
  1737 | D:3      | Found a shadowy altar of Dithmenos.
  1756 | D:3      | 1756 ||| Stepping ~*~*~tactically~*~*~ (stealth).
  1762 | D:3      | 1762 ||| Stepping ~*~*~tactically~*~*~ (stealth).
  1792 | D:3      | 1792 ||| Stepping ~*~*~tactically~*~*~ (stealth).
  1793 | D:3      | 1793 ||| Stepping ~*~*~tactically~*~*~ (stealth).
  1931 | D:3      | Noticed Ijyb
  1940 | D:3      | Killed Ijyb
  1941 | D:3      | Reached skill level 4 in Axes
  2110 | D:3      | Found a shimmering altar of Xom.
  2112 | D:3      | Found a glowing silver altar of Zin.
  2112 | D:3      | Found a burning altar of Makhleb.
  2113 | D:3      | Found a stormy altar of Qazlal.
  2116 | D:3      | Found a blossoming altar of Fedhas.
  2121 | D:3      | 2121 ||| READING scroll of enchant armour.
  2121 | D:3      | 2121 ||| ENCHANTING +0 cloak.
  2399 | D:3      | 2399 ||| UPGRADING to +5 ring of evasion.
  2400 | D:3      | 2400 ||| READING scroll labelled DUGICO MYEKK.
  2401 | D:3      | 2401 ||| DRINKING 2 coppery potions.
  2430 | D:3      | 2430 ||| DRINKING 2 purple potions.
  2431 | D:3      | 2431 ||| DRINKING 2 brown potions.
  2443 | D:4      | 2443 ||| PLANNING SEWER
  2518 | D:4      | Noticed a scorpion
  2526 | D:4      | Killed a scorpion
  2527 | D:4      | Reached XP level 5. HP: 32/32 MP: 5/5
  2567 | D:4      | Noticed Edmund
  2584 | D:4      | Killed Edmund
  2585 | D:4      | Reached skill level 5 in Axes
  2585 | D:4      | Reached XP level 6. HP: 16/37 MP: 6/6
  2904 | D:4      | Paralysed by a goblin for 3 turns
  3114 | D:4      | Noticed Sigmund
  3115 | D:4      | Found a staircase to the Ecumenical Temple.
  3139 | D:4      | HP: 6/38 [something (13)]
  3142 | D:4      | 3142 ||| DRINKING potion of heal wounds.
  3156 | D:4      | 3156 ||| FLEEEEING.
  3157 | D:4      | 3157 ||| FLEEEEING.
  3187 | D:4      | HP: 6/38 [Sigmund/+2 heavy scythe (6)]
  3193 | D:4      | Slain by Sigmund

Levels and vault maps discovered:
D:1:      matt_arrival_diagonals, layout_basic, minmay_misc_feat_cross
D:2:      layout_rooms, shapermc_ecumenical_altar_mp_vishouse
D:3:      layout_basic, grunt_temple_overflow_open, uniq_ijyb
D:4:      layout_basic, lemuel_temple_firewalk_b, gup_sewer_entry_pipe,
          serial_rivers, chequers_serial_rivers_micro_d,
          chequers_serial_rivers_micro_c, chequers_serial_rivers_large_a,
          chequers_serial_rivers_small_b, chequers_serial_rivers_micro_d,
          st_stairs_1, hangedman_decor_diamond_cutter,
          kennysheep_cross_bottleneck, uniq_edmund, uniq_sigmund

Skill      XL: |  1  2  3  4  5 |
---------------+----------------+-----
Axes           | 2 3 4 5 |  5.6
Throwing       | 1 |  1.0
Fighting       | |  3.9
Armour         | |  3.2
Shields        | |  3.2

Action                     |  1- 3 |  4- 6 || total
---------------------------+-------+-------++-------
  Melee: War axe           |   100 |    73 ||   173
  Throw: Javelin           |    11 |    22 ||    33
         Boomerang         |       |     4 ||     4
    Use: Scroll            |     2 |     5 ||     7
         Potion            |     1 |     5 ||     6
 Armour: Scale mail        |    52 |    26 ||    78
  Dodge: Dodged            |    38 |    34 ||    72
  Block: Buckler           |    23 |    15 ||    38

Table legend:
 A = Non-vault XP
 B = Vault XP
 C = Vault XP percentage of total XP
 D = Non-vault monster count
 E = Vault monster count
 F = Vault count percentage of total count
                 A         B        C        D         E       F
            +---------+---------+-------+---------+---------+-------
      Total |     261 |     208 |  44.3 |      66 |       4 |   5.7
            +---------+---------+-------+---------+---------+-------
        D:1 |      62 |       0 |   0.0 |      30 |       0 |   0.0
        D:2 |      20 |       0 |   0.0 |      11 |       0 |   0.0
        D:3 |      21 |      38 |  64.4 |       9 |       1 |  10.0
        D:4 |     158 |     170 |  51.8 |      16 |       3 |  15.8
            +---------+---------+-------+---------+---------+-------
